[Event "Lliga Catalana 2024"]
[Site "Catalonia"]
[Date "2024.01.27"]
[Round "2.3"]
[White "Prie, Eric"]
[Black "Rahal, Michael A"]
[Result "1/2-1/2"]
[ECO "C02"]
[WhiteElo "2346"]
[BlackElo "2312"]
[Annotator "RC"]
[PlyCount "71"]
[EventDate "2024.01.18"]
[EventType "team-tourn"]
[EventCountry "ESP"]
[SourceTitle "playchess.com"]
[Source "ChessBase"]
[SourceQuality "1"]
[TimeControl "5400+30"]

1. e4 e6 2. d4 d5 3. e5 c5 4. c3 Nc6 5. Nf3 Nge7 6. Na3 cxd4 7. cxd4 Nf5 8. Nc2 Qa5+ 9. Bd2 Qb6 10. Bc3 a5 11. a3 Be7 12. Bd3 O-O 13. O-O f6 14. Bxf5 exf5 15. Ne3 Be6 16. Qd3 g6 17. h3 Rad8 18. exf6 Bxf6 19. Rfe1 a4 20. Qd2 Rfe8 21. Nc2 Bf7 22. Nb4 Re4 23. Nxc6 Qxc6 24. Ne5 Bxe5 25. dxe5 d4 26. f3 Rxe1+ 27. Rxe1 Bb3 28. e6 Bxe6 29. Bxd4 Qd7 30. Qe3 Qxd4 31. Qxd4 Rxd4 32. Rxe6 b5 33. Rb6 Rd5 34. Kf1 f4 35. h4 Kf7 36. Ke2 1/2-1/2

[Event "Lliga Catalana 2024"]
[Site "Catalonia"]
[Date "2024.01.27"]
[Round "2.4"]
[White "Tallo Dominguez, Imar"]
[Black "Vidal Zamora, Alex"]
[Result "1/2-1/2"]
[ECO "C01"]
[WhiteElo "2311"]
[BlackElo "2395"]
[Annotator "RC"]
[PlyCount "28"]
[EventDate "2024.01.18"]
[EventType "team-tourn"]
[EventCountry "ESP"]
[SourceTitle "playchess.com"]
[Source "ChessBase"]
[SourceQuality "1"]
[TimeControl "5400+30"]

1. e4 e6 2. d4 d5 3. exd5 exd5 4. Bd3 Bd6 5. h3 Ne7 6. Nf3 Bf5 7. O-O O-O 8. b3 Nd7 9. c4 c6 10. Nc3 Bb4 11. Ne2 Nf6 12. a3 Bd6 13. c5 Bc7 14. Bf4 Ne4 1/2-1/2

[Event "Lliga Catalana 2024"]
[Site "Catalonia"]
[Date "2024.01.27"]
[Round "2.4"]
[White "Jimenez Ruano, Adrian"]
[Black "Barseghyan, Harutyun"]
[Result "1-0"]
[ECO "E27"]
[WhiteElo "2307"]
[BlackElo "2442"]
[Annotator "RC"]
[PlyCount "97"]
[EventDate "2024.01.18"]
[EventType "team-tourn"]
[EventCountry "ESP"]
[SourceTitle "playchess.com"]
[Source "ChessBase"]
[SourceQuality "1"]
[TimeControl "5400+30"]

1. d4 Nf6 2. c4 e6 3. Nc3 Bb4 4. f3 d5 5. a3 Bxc3+ 6. bxc3 O-O 7. cxd5 exd5 8. e3 Nh5 9. g3 c5 10. Bd3 Nc6 11. Ra2 Re8 12. Kf1 f5 13. Rg2 Qf6 14. h3 g6 15. Ne2 Be6 16. Kg1 Bf7 17. Qf1 cxd4 18. exd4 Ng7 19. g4 Kh8 20. Bh6 Rg8 21. Qc1 Ne6 22. h4 Rae8 23. Rhh2 a6 24. a4 Na5 25. Nf4 Nxf4 26. Qxf4 Nc6 27. gxf5 gxf5 28. Bg5 Re1+ 29. Kf2 Qe6 30. Bf6+ Qxf6 31. Rxg8+ Kxg8 32. Kxe1 Be6 33. Rg2+ Kf7 34. h5 Ne7 35. Kd2 h6 36. Qc7 Qh4 37. Re2 Qxh5 38. Qd6 Qg6 39. c4 Qf6 40. Re5 dxc4 41. d5 Nxd5 42. Bxc4 Qg5+ 43. Kd3 Nf4+ 44. Kc3 Bxc4 45. Qc7+ Kg6 46. Qxc4 Nh3 47. Qe6+ Qf6 48. Qg8+ Kh5 49. Qg4# 1-0

[Event "Lliga Catalana 2024"]
[Site "Catalonia"]
[Date "2024.01.27"]
[Round "2.5"]
[White "Fantinel, Thibault"]
[Black "Masague Artero, Guerau"]
[Result "1-0"]
[ECO "B51"]
[WhiteElo "2417"]
[BlackElo "2324"]
[Annotator "RC"]
[PlyCount "143"]
[EventDate "2024.01.18"]
[EventType "team-tourn"]
[EventCountry "ESP"]
[SourceTitle "playchess.com"]
[Source "ChessBase"]
[SourceQuality "1"]
[TimeControl "5400+30"]

1. e4 c5 2. Nf3 Nc6 3. Bb5 d6 4. Bxc6+ bxc6 5. O-O e5 6. c3 Ba6 7. Re1 Ne7 8. d4 Ng6 9. Na3 Be7 10. Qa4 Qb6 11. dxc5 dxc5 12. Nc4 Bxc4 13. Qxc4 O-O 14. Be3 Qb5 15. Nd2 Rfd8 16. Rab1 Nf8 17. a4 Qxc4 18. Nxc4 f6 19. Na5 Rdc8 20. Red1 Kf7 21. Kf1 Ke8 22. Ke2 Ne6 23. Kd3 Rab8 24. Kc2 h5 25. Rd3 Rc7 26. g3 g6 27. f4 f5 28. fxe5 fxe4 29. Rd2 Ng7 30. Re1 Nf5 31. Bg1 e3 32. Rd3 Bg5 33. Nc4 Rcb7 34. h3 Ke7 35. g4 hxg4 36. hxg4 Nh4 37. Bxe3 Bxe3 38. Rexe3 Rf8 39. Re4 Rf1 40. Rd6 Rf2+ 41. Kb1 Nf3 42. Re3 g5 43. Ka2 a5 44. Rf6 Nd2 45. Rxf2 Nxc4 46. Re4 Nb6 47. Rf6 c4 48. Ka3 Nd5 49. Rxc6 Rb3+ 50. Ka2 Rxc3 51. bxc3 Nxc3+ 52. Kb2 Nxe4 53. Rxc4 Nf2 54. Kc3 Ke6 55. Kd4 Nxg4 56. Rc5 Nh2 57. Ke4 Nf1 58. Rc6+ Kd7 59. Rd6+ Ke7 60. Rg6 Ng3+ 61. Kd5 Ne2 62. Rg7+ Kf8 63. Rxg5 Nc3+ 64. Ke6 Nxa4 65. Kd6 Nc3 66. Kd7 Ne4 67. Rf5+ Kg7 68. e6 Kg6 69. Rxa5 Nf6+ 70. Kd8 Kg7 71. e7 Kf7 72. Rf5 1-0

[Event "Lliga Catalana 2024"]
[Site "Catalonia"]
[Date "2024.01.27"]
[Round "2.5"]
[White "Sabria Batlle, Pol"]
[Black "Ramirez Garcia, Jorge Alberto"]
[Result "1/2-1/2"]
[ECO "C10"]
[WhiteElo "2282"]
[BlackElo "2249"]
[Annotator "NA RC"]
[PlyCount "101"]
[EventDate "2024.01.18"]
[EventType "team-tourn"]
[EventCountry "ESP"]
[SourceTitle "playchess.com"]
[Source "ChessBase"]
[SourceQuality "1"]
[TimeControl "5400+30"]

1. e4 e6 2. d4 d5 3. Nc3 dxe4 4. Nxe4 Bd7 5. Nf3 Bc6 6. Bd3 Nd7 7. O-O Ngf6 8. Ng3 g6 9. Bg5 Bg7 10. c4 Bxf3 11. Qxf3 c6 12. Ne4 O-O 13. Rad1 a5 14. a4 h6 15. Bh4 Qe7 16. Rfe1 g5 17. Nxf6+ Qxf6 18. Qe4 Qf5 19. Qe2 Qf6 20. Bg3 Rfd8 21. Bc7 Re8 22. Bb1 Nf8 23. Qd2 Qe7 24. Bxa5 Bxd4 25. Bb4 Bc5 26. Bc3 Rxa4 27. b3 Raa8 28. b4 Rad8 29. Qb2 Rxd1 30. Rxd1 Bd6 31. Bf6 Qc7 32. h4 Nh7 33. hxg5 hxg5 34. Bxh7+ Kxh7 35. Qc2+ Kg8 36. Bxg5 Be7 37. Bxe7 Qxe7 38. c5 Rd8 39. Rd3 Rxd3 40. Qxd3 Qh4 41. Qd2 Kg7 42. Qb2+ Kg6 43. Qc2+ Kf6 44. Qb2+ Kg6 45. Qc2+ Kg5 46. Qc3 Kg6 47. Qd3+ Kg7 48. Qd2 Kg6 49. Qd3+ Kg7 50. Qd2 Kg6 51. Qd3+ 1/2-1/2

[Event "Lliga Catalana 2024"]
[Site "Catalonia"]
[Date "2024.01.27"]
[Round "2.6"]
[White "Pinero Fernandez, Xavier"]
[Black "Aymerich Verdaguer, Eduard"]
[Result "1-0"]
[ECO "A45"]
[WhiteElo "2266"]
[BlackElo "2218"]
[Annotator "NA RC"]
[PlyCount "93"]
[EventDate "2024.01.18"]
[EventType "team-tourn"]
[EventCountry "ESP"]
[SourceTitle "playchess.com"]
[Source "ChessBase"]
[SourceQuality "1"]
[TimeControl "5400+30"]

1. d4 Nf6 2. Bf4 g6 3. Nc3 d5 4. e3 Bg7 5. Nb5 Na6 6. Nc3 Nb8 7. Nb5 Na6 8. h3 O-O 9. Nf3 Ne4 10. Bd3 c6 11. Nc3 Nxc3 12. bxc3 Qa5 13. Qd2 Nc5 14. c4 Nxd3+ 15. cxd3 Qxd2+ 16. Kxd2 dxc4 17. dxc4 c5 18. Rac1 cxd4 19. exd4 Rd8 20. Ke3 Bd7 21. Rhd1 Rac8 22. g4 h6 23. Rd3 g5 24. Be5 f6 25. Bg3 f5 26. gxf5 Bxf5 27. Rb3 b6 28. h4 Rc6 29. hxg5 hxg5 30. Rb5 e6 31. Be5 Rdc8 32. Bxg7 Rxc4 33. Rxc4 Rxc4 34. Bf6 Rc3+ 35. Ke2 Kf7 36. Bxg5 Rc2+ 37. Ke3 Rxa2 38. Ne5+ Kg7 39. Rb3 Rc2 40. f3 Rc8 41. Kf4 Bc2 42. Rb2 Ba4 43. Rg2 Rc3 44. Be7+ Kh7 45. Bf6 Rc2 46. Rg1 Rh2 47. Rg7+ 1-0

[Event "Lliga Catalana 2024"]
[Site "Catalonia"]
[Date "2024.01.27"]
[Round "2.6"]
[White "Alcala Gonzalez, Cesar"]
[Black "Kozlov, Gennady"]
[Result "1-0"]
[ECO "D35"]
[WhiteElo "2247"]
[BlackElo "2404"]
[Annotator "RC"]
[PlyCount "133"]
[EventDate "2024.01.18"]
[EventType "team-tourn"]
[EventCountry "ESP"]
[SourceTitle "playchess.com"]
[Source "ChessBase"]
[SourceQuality "1"]
[TimeControl "5400+30"]

1. d4 e6 2. c4 Nf6 3. Nc3 d5 4. cxd5 exd5 5. Bg5 Be7 6. e3 c6 7. Bd3 Nbd7 8. h3 Nf8 9. Nf3 Ne6 10. Bh4 g6 11. O-O Nh5 12. Bxe7 Qxe7 13. e4 dxe4 14. Bxe4 Nhf4 15. d5 cxd5 16. Nxd5 Nxd5 17. Qxd5 O-O 18. Rfe1 Nf4 19. Qd4 Rd8 20. Bxb7 Qxe1+ 21. Rxe1 Rxd4 22. Bxa8 Rc4 23. b3 Rc7 24. Nd4 a6 25. h4 Kg7 26. g3 Nd3 27. Re3 Rc1+ 28. Kg2 Rd1 29. Nf3 Be6 30. Ng5 Rd2 31. Ne4 Rd1 32. Nc3 Rd2 33. Re2 Rxe2 34. Nxe2 Kf6 35. Kf3 Ke5 36. Ke3 Nb4 37. f4+ Kf5 38. Be4+ Kg4 39. a3 Nd5+ 40. Kf2 Nf6 41. Bf3+ Kh3 42. Nd4 Ng4+ 43. Bxg4+ Bxg4 44. b4 Bd7 45. Nb3 Kg4 46. Nc5 Bb5 47. a4 Bc4 48. Ne4 h6 49. Nd6 Bd5 50. b5 axb5 51. axb5 f5 52. b6 g5 53. Nf7 gxf4 54. Nxh6+ Kh5 55. Nxf5 Kg4 56. Nh6+ Kh5 57. gxf4 Kxh6 58. Ke3 Kg6 59. Kd4 Bf3 60. Ke5 Kf7 61. f5 Ke7 62. h5 Kf7 63. h6 Kg8 64. Ke6 Kh7 65. Ke7 Kxh6 66. f6 Bd5 67. f7 1-0

[Event "Lliga Catalana 2024"]
[Site "Catalonia"]
[Date "2024.01.27"]
[Round "2.7"]
[White "Juan Albert, Garcia Caro"]
[Black "Hernando Rodrigo, Julio Antonio"]
[Result "0-1"]
[ECO "C00"]
[WhiteElo "2205"]
[BlackElo "2207"]
[Annotator "TA"]
[PlyCount "42"]
[EventDate "2024.01.18"]
[EventType "team-tourn"]
[EventCountry "ESP"]
[SourceTitle "playchess.com"]
[Source "ChessBase"]
[SourceQuality "1"]
[TimeControl "5400+30"]

1. e4 e6 2. d3 d5 3. Nd2 Nc6 4. Ngf3 e5 5. h3 Nf6 6. Qe2 Bc5 7. Nb3 dxe4 8. dxe4 {[%emt 0:00:34] The position is equal.} Bb6 9. c3 O-O 10. Bg5 h6 11. Be3 Qe7 ({And not} 11... Nxe4 12. Bxb6 Nxc3 13. Bxc7 $16 (13. bxc3 axb6 14. Qe3 Be6 $16)) 12. g4 Be6 ({Not} 12... Nxe4 13. Bxb6 axb6 14. Qxe4 $16) 13. Bg2 (13. Nbd2 $15) 13... Nxe4 $17 {[%emt 0:03:49] Black is more active.} 14. Bxb6 axb6 15. Nxe5 $2 {[%emt 0:13:07][%mdl 8192] [#] Now White is beyond hope.} (15. Qxe4 $17 Bxb3 16. Nd2 Bxa2 (16... Rxa2 17. Nxb3 Rxb2 18. Nd2 $16) 17. O-O) 15... Nxe5 $19 16. Qxe4 Bxb3 {[%emt 0:03:12] Black is clearly winning.} 17. O-O Rxa2 18. Rae1 f6 19. Qxb7 Rxb2 20. Bd5+ Bxd5 21. Qxd5+ Qf7 {[%emt 0:00:19] Weighted Error Value: White=0.58/Black=0.06 (flawless) .  Loses game:     	White=1     	---        Mistake:       	White=1     	---        Inaccurate:     	---       	Black=1      OK:         	---       	Black=8      Best:        	White=1     	---} 0-1

[Event "Lliga Catalana 2024"]
[Site "Catalonia"]
[Date "2024.01.27"]
[Round "2.7"]
[White "Juan Bartroli, Marc"]
[Black "Martin Barcelo, Carles"]
[Result "0-1"]
[ECO "A49"]
[WhiteElo "2140"]
[BlackElo "2222"]
[Annotator "ChessBase"]
[PlyCount "130"]
[EventDate "2024.01.18"]
[EventType "team-tourn"]
[EventCountry "ESP"]
[SourceTitle "playchess.com"]
[Source "ChessBase"]
[SourceQuality "1"]
[TimeControl "5400+30"]

1. Nf3 Nf6 2. b3 g6 3. Bb2 Bg7 4. g3 O-O 5. Bg2 d6 6. d4 b5 7. Nfd2 c6 8. O-O d5 9. e4 dxe4 10. Nxe4 Nxe4 11. Bxe4 Be6 12. Qe2 Bxd4 13. c3 Bg7 14. Rd1 Qb6 15. Na3 Nd7 16. Nc2 Nf6 17. Bg2 Bg4 18. Bf3 Bxf3 19. Qxf3 Nd5 20. Nd4 Rad8 21. Rd2 Nxc3 22. Qxc3 c5 23. Qe3 Rxd4 24. Rxd4 cxd4 25. Qxe7 a6 26. Rd1 Rd8 27. Qe4 Qd6 28. Qd3 Qd5 29. h4 h5 30. Re1 Bf6 31. Re2 Kg7 32. Re1 Kh7 33. Re2 Kg8 34. Re1 Rc8 35. Re4 a5 36. Re1 a4 37. Re4 Qf5 38. Kg2 Rd8 39. f3 Kh7 40. Ba1 axb3 41. axb3 Ra8 42. Bb2 Ra2 43. Qb1 Ra8 44. Qd3 Ra6 45. b4 Ra4 46. Qb3 Qd7 47. Rf4 Kg7 48. g4 hxg4 49. fxg4 Be5 50. Re4 Qc6 51. Qf3 Rxb4 52. Ba3 Rb3 53. Qxb3 Qxe4+ 54. Qf3 Qc2+ 55. Kf1 d3 56. Qe4 Qb1+ 57. Kg2 Qc2+ 58. Kf1 Qc3 59. Bb4 Qa1+ 60. Kg2 Qb2+ 61. Kf3 Qh2 62. Qe1 Qf4+ 63. Kg2 Qxg4+ 64. Kf1 Qh3+ 65. Kg1 Bc3 0-1

[Event "Lliga Catalana 2024"]
[Site "Catalonia"]
[Date "2024.01.27"]
[Round "2.8"]
[White "Ayza Leon, David"]
[Black "Molina Carretero, Daniel"]
[Result "1/2-1/2"]
[ECO "B13"]
[WhiteElo "2224"]
[BlackElo "2180"]
[Annotator "RC"]
[PlyCount "84"]
[EventDate "2024.01.18"]
[EventType "team-tourn"]
[EventCountry "ESP"]
[SourceTitle "playchess.com"]
[Source "ChessBase"]
[SourceQuality "1"]
[TimeControl "5400+30"]

1. e4 c6 2. d4 d5 3. exd5 cxd5 4. Bd3 Nc6 5. c3 e6 6. Bf4 Nge7 7. Ne2 Ng6 8. Bg3 Bd6 9. Bxd6 Qxd6 10. O-O O-O 11. f4 Bd7 12. Nd2 Rae8 13. Qe1 f6 14. Qg3 Nce7 15. Rae1 Nf5 16. Qh3 Nh6 17. Bxg6 hxg6 18. Qg3 Kf7 19. Nf3 Nf5 20. Qf2 Qb6 21. g4 Nd6 22. b3 Bb5 23. Qe3 Bxe2 24. Rxe2 Ne4 25. Nd2 Nxd2 26. Qxd2 Rh8 27. Rf3 Rh4 28. h3 Reh8 29. Kg2 Qd6 30. Qe1 a6 31. Qf2 g5 32. Ree3 gxf4 33. Rxf4 Ke7 34. Rg3 R8h6 35. Rff3 g5 36. Re3 Kf7 37. Kg1 Qf4 38. Rgf3 Qxg4+ 39. hxg4 Rh1+ 40. Kg2 R6h2+ 41. Kg3 Rh3+ 42. Kg2 R3h2+ 1/2-1/2

[Event "Lliga Catalana 2024"]
[Site "Catalonia"]
[Date "2024.01.27"]
[Round "2.8"]
[White "Rovira Vila, Jaume"]
[Black "Nadal Fajardo, Ricard"]
[Result "1/2-1/2"]
[ECO "A13"]
[WhiteElo "2074"]
[BlackElo "2025"]
[Annotator "NA RC"]
[PlyCount "82"]
[EventDate "2024.01.18"]
[EventType "team-tourn"]
[EventCountry "ESP"]
[SourceTitle "playchess.com"]
[Source "ChessBase"]
[SourceQuality "1"]
[TimeControl "5400+30"]

1. Nf3 Nf6 2. b3 e6 3. Bb2 d5 4. c4 Be7 5. e3 O-O 6. Nc3 b6 7. cxd5 Nxd5 8. Nxd5 Qxd5 9. Bc4 Qd8 10. Qc2 Bb7 11. Bd3 h6 12. Bh7+ Kh8 13. Be4 Bxe4 14. Qxe4 Nd7 15. Qf4 Bf6 16. Bxf6 Qxf6 17. Qxf6 gxf6 18. b4 c5 19. a3 a6 20. Ke2 b5 21. Rhc1 Rfc8 22. d3 a5 23. bxc5 Nxc5 24. Nd4 Rab8 25. Rab1 Na4 26. Kd2 Rxc1 27. Rxc1 b4 28. axb4 axb4 29. Rb1 Rb6 30. Nb3 Nc3 31. Ra1 Kg7 32. Nc1 Nd5 33. Nb3 f5 34. d4 Nc3 35. f3 Nd5 36. g3 Rc6 37. Rc1 Ra6 38. Ra1 Rc6 39. Rc1 Ra6 40. Ra1 Rc6 41. Nc5 e5 1/2-1/2

[Event "Lliga Catalana 2024"]
[Site "Catalonia"]
[Date "2024.01.27"]
[Round "2.9"]
[White "Pares Vives, Natalia"]
[Black "Mompel Ferruz, Xavier"]
[Result "0-1"]
[ECO "B51"]
[WhiteElo "2146"]
[BlackElo "2148"]
[Annotator "NA RC"]
[PlyCount "50"]
[EventDate "2024.01.18"]
[EventType "team-tourn"]
[EventCountry "ESP"]
[SourceTitle "playchess.com"]
[Source "ChessBase"]
[SourceQuality "1"]
[TimeControl "5400+30"]

1. e4 c5 2. Nf3 d6 3. Bb5+ Nd7 4. O-O a6 5. Bxd7+ Bxd7 6. d4 cxd4 7. Nxd4 Nf6 8. Nc3 e5 9. Nb3 h6 10. Qe2 Be7 11. f4 b5 12. a3 Be6 13. Qf3 Rc8 14. f5 Bd7 15. Re1 Bc6 16. Qg3 Kf8 17. Bd2 a5 18. Rad1 b4 19. axb4 axb4 20. Nd5 Nxd5 21. exd5 Bh4 22. Qg4 Bxe1 23. Bxe1 Bd7 24. Qxb4 Bxf5 25. c4 Bc2 0-1

[Event "Lliga Catalana 2024"]
[Site "Catalonia"]
[Date "2024.01.27"]
[Round "2.9"]
[White "Triadu Cassa, Jordi"]
[Black "Claramunt Bassegoda, Marcel"]
[Result "1-0"]
[ECO "B15"]
[WhiteElo "2107"]
[BlackElo "2089"]
[Annotator "NA RC"]
[PlyCount "93"]
[EventDate "2024.01.18"]
[EventType "team-tourn"]
[EventCountry "ESP"]
[SourceTitle "playchess.com"]
[Source "ChessBase"]
[SourceQuality "1"]
[TimeControl "5400+30"]

1. e4 c6 2. d4 d5 3. Nc3 dxe4 4. Nxe4 Nf6 5. Nxf6+ exf6 6. c3 Bd6 7. Bd3 O-O 8. Ne2 Re8 9. O-O Qc7 10. Ng3 g6 11. Ne4 Be7 12. Re1 Be6 13. Nc5 Bxc5 14. dxc5 Nd7 15. Be3 Rad8 16. Qc2 Nf8 17. b4 Kg7 18. a4 h5 19. c4 Bc8 20. b5 h4 21. Qc3 Ne6 22. Bf1 Rh8 23. Rad1 g5 24. b6 Qb8 25. Rxd8 Rxd8 26. Bc1 a6 27. Bd3 Rh8 28. Bf5 Nf4 29. Bb2 Nh5 30. Bc2 Be6 31. g3 hxg3 32. fxg3 Qd8 33. Bd1 g4 34. Be2 Qe7 35. Qe3 Rh6 36. Bxg4 Rh7 37. Bd4 Kf8 38. Bf5 Rh8 39. Bd3 Qd7 40. Be2 Qd8 41. Rf1 Qd7 42. Rf2 Rh7 43. Bxh5 Rxh5 44. Rxf6 Bxc4 45. Rd6 Qe7 46. Qxe7+ Kxe7 47. Bf6+ 1-0

[Event "Lliga Catalana 2024"]
[Site "Catalonia"]
[Date "2024.01.27"]
[Round "2.10"]
[White "Martin Gonzalez, Angel"]
[Black "Chigaeva, Anastasia"]
[Result "1-0"]
[ECO "E57"]
[WhiteElo "2195"]
[BlackElo "2106"]
[Annotator "TA"]
[PlyCount "51"]
[EventDate "2024.01.18"]
[EventType "team-tourn"]
[EventCountry "ESP"]
[SourceTitle "playchess.com"]
[Source "ChessBase"]
[SourceQuality "1"]
[TimeControl "5400+30"]

1. e4 e6 2. d4 d5 3. Nd2 c5 4. c3 cxd4 5. cxd4 dxe4 6. Nxe4 Bb4+ 7. Nc3 Nc6 8. Nf3 Nf6 9. Bd3 O-O 10. O-O b6 11. Re1 Bb7 12. a3 Be7 13. Bc2 Rc8 14. Qd3 h6 (14... Na5 $11 {remains equal.}) 15. Bf4 (15. Bxh6 $1 $16 {And now Bg5 would win.} gxh6 16. Rxe6) 15... Re8 $14 {[%emt 0:03:29] White is slightly better.} 16. Rad1 (16. Bg3 $5) 16... a6 (16... Bd6 $1 $14 17. Be5 Bxe5 18. dxe5 Qxd3 19. Bxd3 Nd5) 17. Ne5 {[%emt 0:05:28] White has more active pieces.} (17. Ne4 $16 {Strongly threatening Nxf6+.} Kf8 18. Nxf6 Bxf6 19. d5) 17... Nxe5 18. Bxe5 Bd6 $2 {[%emt 0:08:04] [#]} ({Black should play} 18... Bd5 $14) 19. Bxf6 $1 $18 Qxf6 20. d5 $2 (20. Qh7+ $18 Kf8 21. Be4 Rxc3 22. bxc3 Bxe4 23. Qxe4 (23. Rxe4 Ke7 $18)) 20... Bc5 (20... Rcd8 $14) 21. Qh7+ $16 Kf8 22. Ne4 $40 {[%emt 0:00:10][%mdl 128] White has strong attack. Chess con chili.} Qxb2 (22... Qf5 $16 23. Qh8+ Ke7 24. Nxc5 (24. Qxg7 Bxf2+ 25. Nxf2 Rxc2 $18) 24... Rxh8 25. Bxf5 (25. d6+ Kf8 $18) 25... bxc5 (25... Rxc5 $2 {is the wrong capture.} 26. dxe6 Bc8 27. exf7+ Kxf7 28. Be4 $18)) 23. Nxc5 Rxc5 {[%emt 0:01:42] [#]} 24. dxe6 $1 {[%emt 0:00:28] White mates.} fxe6 (24... Re5 25. Qh8+) 25. Rd7 Re7 26. Rd8+ {[%emt 0:00:07] Weighted Error Value: White=0.45/Black=1.00.  Loses game:     	---       	Black=2      Missed win:     	White=1     	---        Mistake:       	White=2     	Black=3      Inaccurate:     	---       	Black=2      OK:         	White=2     	Black=2      Best:        	White=1     	---        Strong:       	White=1     	---} 1-0

[Event "Lliga Catalana 2024"]
[Site "Catalonia"]
[Date "2024.01.27"]
[Round "2.10"]
[White "Marzo Pie, Xavier"]
[Black "Terry Cuellar, Luis Antonio"]
[Result "0-1"]
[ECO "A55"]
[WhiteElo "2043"]
[BlackElo "2094"]
[Annotator "NA RC"]
[PlyCount "122"]
[EventDate "2024.01.18"]
[EventType "team-tourn"]
[EventCountry "ESP"]
[SourceTitle "playchess.com"]
[Source "ChessBase"]
[SourceQuality "1"]
[TimeControl "5400+30"]

1. d4 Nf6 2. c4 d6 3. Nc3 Nbd7 4. e4 e5 5. Nge2 Be7 6. g3 exd4 7. Nxd4 Nc5 8. Bg2 a5 9. O-O O-O 10. h3 Re8 11. Re1 c6 12. Qc2 Qc7 13. Bf4 Nfd7 14. Nf5 Bf8 15. Rad1 Ne5 16. b3 a4 17. Be3 Bxf5 18. exf5 axb3 19. axb3 Qa5 20. Bd2 Qa3 21. Rb1 Ncd3 22. Re3 Nb4 23. Qe4 Nd7 24. Qxe8 Rxe8 25. Rxe8 Nf6 26. Rc8 Nd3 27. Bg5 Qc5 28. Be3 Qxf5 29. Rd8 Qa5 30. Rxf8+ Kxf8 31. Na4 Qb4 32. Bf1 Ne5 33. Bg2 Nxc4 34. Bf4 Nd5 35. Bxd5 cxd5 36. Nc3 Ne5 37. Nxd5 Qd4 38. Ne3 Qe4 39. Rd1 g5 40. Bxe5 dxe5 41. g4 Qf3 42. Rd5 f6 43. Rb5 h5 44. gxh5 Qxh3 45. Rxb7 g4 46. Nf5 Qxh5 47. Ng3 Qg6 48. b4 Qb1+ 49. Kh2 Qc2 50. Kg1 Qc1+ 51. Kh2 Qc6 52. Rb8+ Kf7 53. b5 Qc7 54. Rh8 Qb6 55. Kg2 Qb7+ 56. Kg1 Qxb5 57. Rh5 Kg6 58. Kg2 Qd5+ 59. Kg1 Qd1+ 60. Kg2 Qf3+ 61. Kg1 Qxg3+ 0-1

[Event "Lliga Catalana 2024"]
[Site "Catalonia"]
[Date "2024.02.03"]
[Round "3.1"]
[White "Garriga Cazorla, Pere"]
[Black "Magem Badals, Jordi"]
[Result "1/2-1/2"]
[ECO "B41"]
[WhiteElo "2466"]
[BlackElo "2498"]
[Annotator "ChessBase"]
[PlyCount "69"]
[EventDate "2024.01.18"]
[EventType "team-tourn"]
[EventCountry "ESP"]
[SourceTitle "playchess.com"]
[Source "ChessBase"]
[SourceQuality "1"]
[TimeControl "5400+30"]

1. e4 c5 2. Nf3 e6 3. d4 cxd4 4. Nxd4 a6 5. c4 Nf6 6. Nc3 Bb4 7. Qd3 d5 8. exd5 exd5 9. Be2 O-O 10. O-O Nc6 11. Nxc6 bxc6 12. cxd5 Nxd5 13. Nxd5 Qxd5 14. Qg3 Bd6 15. Bf4 Bxf4 16. Qxf4 Be6 17. Rfc1 Qd7 18. Rc3 Bd5 19. Rg3 Rfe8 20. Qd4 g6 21. Bf1 Re4 22. Qd2 Qe7 23. Ra3 Qb4 24. Rd1 Qxd2 25. Rxd2 a5 26. f3 Rb4 27. Be2 Kf8 28. Kf2 Ke7 29. Bd1 Kf6 30. g3 g5 31. Ke3 a4 32. b3 Re8+ 33. Kf2 axb3 34. Bxb3 Bxb3 35. Rxb3 1/2-1/2

[Event "Lliga Catalana 2024"]
[Site "Catalonia"]
[Date "2024.02.03"]
[Round "3.2"]
[White "Alsina Leal, Daniel"]
[Black "Sanchez Aguilar, Arnau"]
[Result "1-0"]
[ECO "C58"]
[WhiteElo "2495"]
[BlackElo "2125"]
[Annotator "ChessBase"]
[PlyCount "125"]
[EventDate "2024.01.18"]
[EventType "team-tourn"]
[EventCountry "ESP"]
[SourceTitle "playchess.com"]
[Source "ChessBase"]
[SourceQuality "1"]
[TimeControl "5400+30"]

1. e4 e5 2. Nf3 Nc6 3. Bc4 Nf6 4. Ng5 d5 5. exd5 Na5 6. Bb5+ c6 7. dxc6 bxc6 8. Bd3 Nd5 9. Nf3 Bd6 10. O-O O-O 11. Re1 f5 12. Nxe5 Qf6 13. Nf3 g5 14. c4 Nf4 15. Bf1 g4 16. d4 gxf3 17. Qxf3 Ne6 18. Qc3 Qh4 19. h3 c5 20. Na3 Nxd4 21. Nb5 Nb7 22. b4 a5 23. bxc5 Bxc5 24. g3 Qf6 25. Bb2 Nf3+ 26. Qxf3 Qxb2 27. Bg2 Qg7 28. Rad1 Ra6 29. Qd5+ Kh8 30. Qe5 f4 31. g4 f3 32. Qxg7+ Kxg7 33. Bf1 Rf4 34. Nc7 Rh6 35. Nd5 Rf7 36. Re5 Rg6 37. Bd3 Re6 38. Rg5+ Kf8 39. Rf5 Rh6 40. Rxf7+ Kxf7 41. Nf4 Bd6 42. Nh5 Nc5 43. Bxh7 Be5 44. Rd5 Bd6 45. Bc2 Re6 46. Rd1 Bc7 47. Bf5 Re8 48. Bxc8 Rxc8 49. Rd5 Rd8 50. Rf5+ Kg8 51. Nf6+ Kg7 52. Nd5 Bd6 53. Rxf3 Rb8 54. Ne3 Be5 55. Rf5 Rb1+ 56. Kg2 Nd3 57. Kf3 Bc3 58. Rd5 Nc1 59. Rd1 a4 60. c5 a3 61. c6 Be5 62. Nc4 Rb2 63. Rxc1 1-0

[Event "Lliga Catalana 2024"]
[Site "Catalonia"]
[Date "2024.02.03"]
[Round "3.2"]
[White "Garcia Ramos, Daniel"]
[Black "Iermito, Sebastian"]
[Result "0-1"]
[ECO "C70"]
[WhiteElo "2436"]
[BlackElo "2503"]
[Annotator "ChessBase"]
[PlyCount "58"]
[EventDate "2024.01.18"]
[EventType "team-tourn"]
[EventCountry "ESP"]
[SourceTitle "playchess.com"]
[Source "ChessBase"]
[SourceQuality "1"]
[TimeControl "5400+30"]

1. e4 e5 2. Nf3 Nc6 3. Bb5 g6 4. c3 a6 5. Ba4 Bg7 6. d4 b5 7. Bb3 exd4 8. cxd4 Nge7 9. d5 Na5 10. Bd2 Nxb3 11. Qxb3 c5 12. Bc3 f6 13. d6 Nc6 14. Qd5 b4 15. Bd2 Bb7 16. Qxc5 f5 17. exf5 O-O 18. fxg6 Qe8+ 19. Be3 Bxb2 20. gxh7+ Kh8 21. Nbd2 Bxa1 22. O-O Bg7 23. h4 Ne5 24. Ng5 Qh5 25. g3 Rf5 26. Qxb4 Bc6 27. Qb3 Qg4 28. Kh2 Raf8 29. f3 Bxf3 0-1

[Event "Lliga Catalana 2024"]
[Site "Catalonia"]
[Date "2024.02.03"]
[Round "3.3"]
[White "Sokolovsky, Yahli"]
[Black "Moskalenko, Viktor"]
[Result "0-1"]
[ECO "B08"]
[WhiteElo "2436"]
[BlackElo "2416"]
[Annotator "RC"]
[PlyCount "108"]
[EventDate "2024.01.18"]
[EventType "team-tourn"]
[EventCountry "ESP"]
[SourceTitle "playchess.com"]
[Source "ChessBase"]
[SourceQuality "1"]
[TimeControl "5400+30"]

1. e4 d6 2. d4 Nf6 3. Nc3 g6 4. Nf3 Bg7 5. Be3 c6 6. Qd2 Bg4 7. Be2 O-O 8. h3 Bxf3 9. Bxf3 Nbd7 10. O-O-O Nb6 11. Be2 e5 12. dxe5 dxe5 13. a4 Qxd2+ 14. Rxd2 Rfd8 15. Rhd1 Rxd2 16. Rxd2 Bf8 17. a5 Nbd7 18. g4 Nc5 19. Bf3 h6 20. h4 b6 21. g5 hxg5 22. Bxg5 Kg7 23. Bg2 Ne6 24. Ne2 Bc5 25. Rd3 Nxg5 26. hxg5 Nh7 27. f4 exf4 28. Nxf4 Be7 29. Ne2 Bxg5+ 30. Kb1 Nf8 31. Nd4 c5 32. Nf3 Bf4 33. a6 Re8 34. Ng1 Re7 35. Nh3 Bc7 36. Nf2 Nd7 37. Ng4 Ne5 38. Nxe5 Bxe5 39. Rd8 Kf6 40. Bh3 Kg5 41. Bc8 Bc7 42. Rf8 Kf4 43. Bb7 b5 44. Bd5 g5 45. Kc1 g4 46. Kd2 Be5 47. b3 f6 48. Rh8 Kf3 49. Ke1 g3 50. Rh3 Rd7 51. Kf1 Rd6 52. Ke1 Rxa6 53. Kd2 Kf2 54. Rh5 g2 0-1